 Dungeon Crawl Stone Soup version 0.32-a0-747-gc8563f6773 (webtiles) character file.

Game seed: 4401974998016193842

15 Pifto the Trooper (level 2, -3/24 HPs)
             Began as a Human Fighter on Mar 18, 2024.
             Frozen to death by an endoplasm (5 damage)
             ... on level 1 of the Dungeon.
             The game lasted 00:00:53 (493 turns).

Pifto the Trooper (Human Fighter)                    Turns: 493, Time: 00:00:53

Health: -3/24      AC:  6    Str: 16    XL:     2   Next: 50%
Magic:  2/2        EV: -2    Int:  8    God:
Gold:   16         SH:  4    Dex: 12    Spells: 1/1 levels left

rFire   . . .        a - +0 long sword
rCold   . . .        c - +0 buckler
rNeg    . . .        b - +0 scale mail
rPois   .            (no helmet)
rElec   .            (no cloak)
rCorr   .            (no gloves)
SInv    .            (no boots)
Will    .....        (no amulet) Stlth
                     (no ring)
HPRegen 0.24/turn    (no ring)
MPRegen 0.08/turn

%: no passive effects
@: constricted
A: explore regen
a: no special abilities


You were on level 1 of the Dungeon.
You visited 1 branch of the dungeon, and saw 1 of its levels.

You collected 16 gold pieces.

Inventory:

Hand Weapons
 a - a +0 long sword (weapon)
Armour
 b - a +0 scale mail (worn)
 c - a +0 buckler (worn)
Jewellery
 j - a +6 ring of dexterity
Scrolls
 f - 2 scrolls of teleportation {unknown}
 i - a scroll of amnesia {unknown}
Potions
 d - 3 potions of might
 e - 3 potions of ambrosia {unknown}
 g - a potion of curing {unknown}
 h - a potion of lignification {unknown}


   Skills:
 + Level 3.2 Fighting
 + Level 2.2 Long Blades
 + Level 3.2 Armour
 + Level 3.2 Shields


You had one spell level left.
You didn't know any spells.
Your spell library was empty.

Dungeon Overview and Level Annotations

Branches:
Dungeon (1/15)

Altars:

Shops:
D:1 [


Innate Abilities, Weirdness & Mutations

You regain HP and MP as you explore.


Message History

The endoplasm hits you but does no damage.
The ball python bites you but does no damage.
The ball python constricts you.
You closely miss the ball python.
The ball python is severely wounded.
The ball python bites you but does no damage.
The ball python constricts you. The endoplasm freezes you.
You are frozen.
You are too injured to fight recklessly!
You are too injured to fight recklessly!
You are too injured to fight recklessly!
You are too injured to fight recklessly!
You closely miss the ball python.
The ball python is severely wounded.
The ball python bites you. The ball python constricts you.
The endoplasm freezes you.
You are frozen.
* * * LOW HITPOINT WARNING * * *
The ball python bites you but does no damage.
The ball python constricts you.
You escape the ball python's grasp.
The endoplasm attacks as it pursues you!
The endoplasm hits you but does no damage.
The ball python bites you.
* * * LOW HITPOINT WARNING * * *
The ball python grabs you. The ball python constricts you.
The ball python's grasp on you weakens, but your attempt to escape fails.
The ball python bites you but does no damage.
The ball python constricts you. The endoplasm freezes you.
You are frozen.
* * * LOW HITPOINT WARNING * * *
Unknown command.
You closely miss the ball python.
The ball python is severely wounded.
You block the ball python's attack. The ball python constricts you.
The endoplasm freezes you.
You are frozen.
You die...

#.# #.#
#.###.#
##...## ##
###.## ####.
## ## #....#
#.... #.###.#
###..# #.##.
#.#.## #..#
#.##. #S#J#
#..# ##.##.
##.#@## #..#
#.....
#.###.# #..#
#..##.
##.#.##
###..###.....
#.#.#
#..∩.........
##.#.##
###..........
#.###.#
##.###.....
##.#.##
###...##.###)
#.#.#
#........# #)
##.#.##
###...##.###.


You could see an endoplasm and a ball python.

Vanquished Creatures
  2 ball pythons (D:1)
  2 endoplasms (D:1)
  A giant cockroach (D:1)
  2 hobgoblins (D:1)
  A bat (D:1)
  A frilled lizard (D:1)
  2 kobolds (D:1)
  3 rats (D:1)
14 creatures vanquished.

Notes
Turn   | Place    | Note
-------+----------+-------------------------------------------
     0 | D:1      | Pifto the Human Fighter began the quest for the Orb.
     0 | D:1      | Reached XP level 1. HP: 18/18 MP: 1/1
    95 | D:1      | Reached XP level 2. HP: 23/24 MP: 2/2
   232 | D:1      | Found Bext's Armour Shop.
   493 | D:1      | Frozen to death by an endoplasm

Illustrated notes

Levels and vault maps discovered:
D:1:      sevenhm_arrival_forest_fort_small_6, layout_loops_ring, serial_shops,
          shop, roderic_roman_lattice

Action                     || total
---------------------------++-------
  Melee: Long sword        ||    51
 Armour: Scale mail        ||    68
  Dodge: Dodged            ||    12
  Block: Buckler           ||     9

Table legend: (Time is in decaauts)
 A = Elapsed time spent in this place.
 B = Non-inter-level travel time spent in this place.
 C = Inter-level travel time spent in this place.
 D = Time resting spent in this place.
 E = Time spent auto-exploring this place.
 F = Levels seen in this place.
 G = Mean time per level.
                   A        B        C        D        E       F      G
               +--------+--------+--------+--------+--------+-----+--------+
         Total |    509 |    509 |      0 |      0 |    401 |   1 |  509.0 |
       Dungeon |    509 |    509 |      0 |      0 |    401 |   1 |  509.0 |
               +--------+--------+--------+--------+--------+-----+--------+

Top non-repeatable levels by time:
     D:1: 509 daAuts
